General information
- name: BNet
- type: Ladder team game (AT/RT)
- host: Battle.net
- saver: trainingfort
map: GoldRush
- players: 8
- length: 36:38
- speed: Fast
- version: 1.24 W3XP
- replay type: Public
» download(261 KB)
Players
team 1 (winner)
trainingfort (
pink | 118 APM | 4324 actions | 36:38)
10 Mountain King
3 Storm Bolt
3 Bash
1 Avatar
3 Thunder Clap
8 Paladin
3 Holy Light
3 Divine Shield
1 Resurrection
1 Devotion Aura
» actions
| Assign group hotkey | 77 | |
| Basic commands | 20 | |
| Build / train | 191 | |
| ESC pressed | 5 | |
| Enter build submenu | 68 | |
| Enter hero's abilities submenu | 18 | |
| Give item / drop item | 4 | |
| Right click | 1102 | |
| Select / deselect | 1352 | |
| Select group hotkey | 1181 | |
| Use ability | 306 | |
4324 total
» units
| Peasant | 39 | |
| Footman | 5 | |
| Dragonhawk Rider | 18 | |
| Gryphon Rider | 21 | |
| Knight | 2 | |
| Flying Machine | 8 | |
93 total
» upgrades
| Masonry | 3 | |
| Defend | 1 | |
| Lumber Harvesting | 2 | |
| Swords | 2 | |
| Animal War Training | 1 | |
| Storm Hammers | 1 | |
| Cloud | 1 | |
| Armor | 3 | |
| Flak Cannons | 1 | |
| Gunpowder | 2 | |
| Backpack | 1 | |
| Long Rifles | 1 | |
19 total
» buildings
| Altar of Kings | 2 | |
| Barracks | 1 | |
| Farm | 10 | |
| Town Hall | 6 | |
| Scout Tower | 31 | |
| Lumber Mill | 1 | |
| Arcane Tower | 3 | |
| Keep | 1 | |
| Guard Tower | 17 | |
| Arcane Vault | 1 | |
| Blacksmith | 1 | |
| Castle | 1 | |
| Gryphon Aviary | 3 | |
| Workshop | 3 | |
81 total
» build order
00:04 Altar of Kings
00:06 Altar of Kings
00:18 Barracks
00:33 Farm
00:48 Farm
01:55 Farm
02:52 Town Hall
03:20 Scout Tower
03:21 Scout Tower
03:29 Lumber Mill
03:49 Arcane Tower
04:29 Keep
04:57 Guard Tower
05:19 Arcane Vault
05:23 Farm
05:46 Blacksmith
05:50 Farm
06:11 Scout Tower
06:12 Scout Tower
06:42 Arcane Tower
06:42 Guard Tower
07:25 Scout Tower
07:26 Scout Tower
07:44 Town Hall
08:23 Castle
08:26 Guard Tower
08:27 Arcane Tower
08:28 Scout Tower
09:31 Guard Tower
09:48 Gryphon Aviary
09:50 Gryphon Aviary
09:56 Gryphon Aviary
11:30 Farm
11:33 Farm
11:34 Farm
11:37 Farm
11:37 Farm
14:51 Scout Tower
14:51 Scout Tower
14:54 Scout Tower
15:00 Scout Tower
15:02 Scout Tower
15:05 Scout Tower
15:19 Guard Tower
15:20 Scout Tower
15:21 Guard Tower
15:22 Scout Tower
15:33 Guard Tower
15:34 Guard Tower
16:23 Guard Tower
17:10 Scout Tower
17:10 Scout Tower
17:11 Scout Tower
17:26 Scout Tower
18:36 Town Hall
19:48 Town Hall
20:09 Town Hall
20:10 Guard Tower
21:05 Guard Tower
22:31 Guard Tower
23:25 Workshop
23:27 Workshop
24:41 Scout Tower
24:41 Scout Tower
24:41 Scout Tower
28:25 Scout Tower
28:25 Scout Tower
28:27 Scout Tower
29:23 Town Hall
29:24 Guard Tower
31:08 Workshop
33:34 Scout Tower
33:35 Scout Tower
34:02 Guard Tower
34:30 Scout Tower
34:30 Scout Tower
35:35 Guard Tower
36:20 Guard Tower
36:21 Guard Tower
36:24 Scout Tower
36:25 Scout Tower
» items
| Scroll of Regeneration | 6 | |
| Lesser Clarity Potion | 15 | |
| Scroll of Town Portal | 7 | |
| Potion of Healing | 2 | |
| Potion of Mana | 3 | |
| Staff of Sanctuary | 2 | |
| Potion of Lesser Invulnerability | 1 | |
36 total
Graf(RUS) (
teal | 31 APM | 1119 actions | 36:37)
7 Mountain King
3 Storm Bolt
2 Bash
1 Thunder Clap
1 Avatar
» actions
| Basic commands | 1 | |
| Build / train | 126 | |
| Enter build submenu | 58 | |
| Enter hero's abilities submenu | 7 | |
| Give item / drop item | 2 | |
| Right click | 416 | |
| Select / deselect | 392 | |
| Use ability | 117 | |
1119 total
» units
| Peasant | 22 | |
| Footman | 4 | |
| Rifleman | 29 | |
| Mortar Team | 15 | |
| Flying Machine | 6 | |
76 total
» upgrades
| Gunpowder | 2 | |
| Lumber Harvesting | 1 | |
| Armor | 2 | |
5 total
» buildings
| Altar of Kings | 2 | |
| Barracks | 2 | |
| Farm | 20 | |
| Lumber Mill | 1 | |
| Scout Tower | 19 | |
| Guard Tower | 13 | |
| Blacksmith | 1 | |
| Keep | 2 | |
| Arcane Tower | 1 | |
| Arcane Vault | 2 | |
| Workshop | 2 | |
| Cannon Tower | 1 | |
| Town Hall | 2 | |
| Castle | 1 | |
69 total
» build order
00:29 Altar of Kings
00:33 Barracks
00:37 Farm
00:42 Lumber Mill
01:52 Farm
02:35 Scout Tower
03:04 Guard Tower
03:10 Blacksmith
03:46 Farm
04:33 Scout Tower
04:37 Farm
04:59 Keep
05:01 Arcane Tower
05:11 Arcane Vault
05:15 Farm
05:52 Farm
06:49 Scout Tower
06:53 Farm
07:27 Guard Tower
07:30 Workshop
07:44 Farm
09:53 Scout Tower
09:57 Farm
10:44 Cannon Tower
11:59 Scout Tower
12:29 Guard Tower
12:38 Town Hall
16:53 Scout Tower
17:24 Guard Tower
17:32 Scout Tower
18:43 Guard Tower
19:31 Scout Tower
20:16 Guard Tower
20:18 Scout Tower
20:27 Castle
20:52 Scout Tower
20:54 Scout Tower
21:20 Guard Tower
21:23 Scout Tower
22:56 Scout Tower
22:59 Scout Tower
23:01 Scout Tower
23:03 Arcane Vault
23:34 Guard Tower
23:37 Scout Tower
23:55 Guard Tower
23:59 Scout Tower
24:09 Guard Tower
24:50 Town Hall
24:59 Guard Tower
25:10 Farm
25:47 Farm
26:08 Farm
26:23 Farm
27:05 Farm
27:16 Barracks
27:35 Farm
27:58 Farm
29:48 Farm
29:50 Keep
29:53 Farm
30:01 Farm
30:29 Scout Tower
30:52 Scout Tower
31:48 Guard Tower
31:55 Guard Tower
32:34 Workshop
35:26 Altar of Kings
36:17 Farm
» items
| Potion of Healing | 5 | |
| Scroll of Regeneration | 4 | |
| Potion of Mana | 5 | |
| Lesser Clarity Potion | 2 | |
| Scroll of Town Portal | 2 | |
| Orb of Fire | 1 | |
19 total
Tommotion (
yellow | 44 APM | 1605 actions | 36:37)
10 Tauren Chieftain
3 Shockwave
3 Endurance Aura
1 Reincarnation
3 War Stomp
» actions
| Assign group hotkey | 22 | |
| Basic commands | 99 | |
| Build / train | 87 | |
| Enter build submenu | 20 | |
| Enter hero's abilities submenu | 10 | |
| Remove unit from queue | 1 | |
| Right click | 399 | |
| Select / deselect | 222 | |
| Select group hotkey | 652 | |
| Use ability | 93 | |
1605 total
» units
| Peon | 15 | |
| Grunt | 9 | |
| Shaman | 18 | |
| Tauren | 1 | |
43 total
» upgrades
| Armor | 2 | |
| Melee Weapons | 2 | |
| Spiked Barricades | 2 | |
| Ranged Weapons | 1 | |
| Berserker Strength | 1 | |
| Shaman Training | 2 | |
| Pulverize | 0 | |
10 total
» buildings
| Barracks | 2 | |
| Orc Burrow | 9 | |
| Altar of Storms | 1 | |
| War Mill | 2 | |
| Voodoo Lounge | 1 | |
| Stronghold | 1 | |
| Watch Tower | 10 | |
| Great Hall | 2 | |
| Spirit Lodge | 2 | |
| Fortress | 1 | |
| Tauren Totem | 3 | |
34 total
» build order
00:19 Barracks
00:25 Orc Burrow
00:27 Orc Burrow
00:34 Altar of Storms
01:38 War Mill
02:20 Orc Burrow
02:43 Voodoo Lounge
02:57 Barracks
03:24 Orc Burrow
04:34 Stronghold
06:01 Orc Burrow
07:08 Watch Tower
07:08 Watch Tower
07:10 Watch Tower
07:12 Watch Tower
08:27 Great Hall
09:46 Spirit Lodge
09:46 Spirit Lodge
13:16 Watch Tower
13:17 Watch Tower
13:18 Watch Tower
13:19 Watch Tower
15:27 Fortress
19:26 Tauren Totem
19:26 Tauren Totem
19:27 Tauren Totem
19:34 Orc Burrow
19:34 Orc Burrow
19:34 Orc Burrow
19:36 Orc Burrow
29:44 War Mill
32:32 Great Hall
34:37 Watch Tower
34:41 Watch Tower
» items
| Healing Salve | 4 | |
| Lesser Clarity Potion | 1 | |
| Scroll of Town Portal | 11 | |
| Potion of Healing | 4 | |
20 total
Kinsuke (
orange | 38 APM | 1382 actions | 36:37)
7 Warden
3 Shadow Strike
3 Blink
1 Spirit of Vengeance
» actions
| Assign group hotkey | 11 | |
| Build / train | 89 | |
| ESC pressed | 4 | |
| Enter build submenu | 26 | |
| Enter hero's abilities submenu | 8 | |
| Right click | 675 | |
| Select / deselect | 406 | |
| Select group hotkey | 58 | |
| Use ability | 105 | |
1382 total
» units
| Wisp | 21 | |
| Archer | 6 | |
| Hippogryph | 12 | |
| Chimaera | 12 | |
| Druid of the Talon | 10 | |
61 total
» upgrades
| Strength of the Wild | 3 | |
| Reinforced Hides | 3 | |
| Hippogryph Taming | 1 | |
| Druid of the Talon Training | 2 | |
| Corrosive Breath | 1 | |
| Mark of the Talon | 1 | |
| Ultravision | 1 | |
12 total
» buildings
| Altar of Elders | 1 | |
| Moon Well | 9 | |
| Ancient of War | 1 | |
| Tree of Ages | 1 | |
| Hunter's Hall | 1 | |
| Tree of Life | 2 | |
| Ancient of Wind | 2 | |
| Tree of Eternity | 1 | |
| Chimaera Roost | 3 | |
21 total
» build order
00:05 Altar of Elders
00:07 Moon Well
00:43 Ancient of War
01:36 Moon Well
02:11 Moon Well
02:59 Moon Well
03:16 Tree of Ages
03:56 Hunter's Hall
04:42 Moon Well
06:03 Tree of Life
06:33 Ancient of Wind
06:35 Ancient of Wind
07:36 Tree of Eternity
10:35 Chimaera Roost
10:36 Chimaera Roost
10:41 Chimaera Roost
10:43 Moon Well
17:27 Moon Well
27:02 Moon Well
27:02 Moon Well
35:08 Tree of Life
» items
| Mechanical Critter | 3 | |
| Scroll of Healing | 1 | |
| Potion of Healing | 1 | |
| Potion of Mana | 1 | |
6 total
team 2 (loser)
N.Kljajic (
red | 47 APM | 1739 actions | 36:36)
8 Blademaster
3 Wind Walk
3 Critical Strike
1 Bladestorm
1 Mirror Image
» actions
| Assign group hotkey | 62 | |
| Basic commands | 1 | |
| Build / train | 90 | |
| Enter build submenu | 25 | |
| Enter hero's abilities submenu | 8 | |
| Give item / drop item | 3 | |
| Remove unit from queue | 5 | |
| Right click | 791 | |
| Select / deselect | 369 | |
| Select group hotkey | 240 | |
| Use ability | 145 | |
1739 total
» units
| Peon | 16 | |
| Wind Rider | 9 | |
| Troll Batrider | 24 | |
49 total
» upgrades
| Ranged Weapons | 1 | |
| Liquid Fire | 1 | |
| Envenomed Spears | 1 | |
3 total
» buildings
| Altar of Storms | 2 | |
| Orc Burrow | 11 | |
| Voodoo Lounge | 1 | |
| War Mill | 2 | |
| Stronghold | 2 | |
| Fortress | 1 | |
| Beastiary | 5 | |
| Great Hall | 2 | |
26 total
» build order
00:14 Altar of Storms
00:19 Orc Burrow
00:40 Voodoo Lounge
01:52 War Mill
02:23 Stronghold
03:32 Orc Burrow
03:36 Orc Burrow
04:45 Fortress
04:51 Orc Burrow
05:32 Orc Burrow
06:03 Beastiary
06:07 Beastiary
13:23 Great Hall
13:26 Great Hall
23:17 Altar of Storms
23:20 Orc Burrow
23:26 War Mill
24:18 Orc Burrow
24:29 Orc Burrow
27:00 Orc Burrow
27:04 Orc Burrow
30:31 Stronghold
33:05 Beastiary
33:30 Beastiary
33:32 Beastiary
33:35 Orc Burrow
» items
| Healing Salve | 4 | |
| Lesser Clarity Potion | 7 | |
| Scroll of Speed | 1 | |
| Scroll of Town Portal | 2 | |
| Potion of Healing | 2 | |
| Orb of Lightning | 1 | |
| Boots of Speed | 1 | |
| Scroll of Healing | 3 | |
21 total
Wraithpl (
blue | 88 APM | 3163 actions | 35:59)
7 Death Knight
3 Death Coil
3 Unholy Aura
1 Animate Dead
5 Lich
3 Frost Nova
2 Frost Armor
» actions
| Assign group hotkey | 41 | |
| Basic commands | 9 | |
| Build / train | 87 | |
| Enter build submenu | 18 | |
| Enter hero's abilities submenu | 13 | |
| Give item / drop item | 6 | |
| Remove unit from queue | 4 | |
| Right click | 1859 | |
| Select / deselect | 366 | |
| Select group hotkey | 609 | |
| Use ability | 149 | |
3163 total
» units
| Acolyte | 7 | |
| Ghoul | 6 | |
| Crypt Fiend | 15 | |
| Frost Wyrm | 11 | |
| Obsidian Statue | 2 | |
41 total
» upgrades
| Creature Attack | 3 | |
| Creature Carapace | 3 | |
| Burrow | 1 | |
| Web | 1 | |
8 total
» buildings
| Crypt | 1 | |
| Altar of Darkness | 1 | |
| Ziggurat | 7 | |
| Graveyard | 1 | |
| Tomb of Relics | 1 | |
| Halls of the Dead | 1 | |
| Black Citadel | 1 | |
| Sacrificial Pit | 1 | |
| Boneyard | 1 | |
| Slaughterhouse | 1 | |
16 total
» build order
00:15 Crypt
00:19 Altar of Darkness
00:37 Ziggurat
01:00 Graveyard
01:13 Tomb of Relics
02:01 Ziggurat
02:04 Ziggurat
03:13 Halls of the Dead
04:49 Ziggurat
05:43 Black Citadel
06:25 Sacrificial Pit
07:30 Ziggurat
08:18 Boneyard
08:23 Ziggurat
09:57 Slaughterhouse
16:11 Ziggurat
» items
| Rod of Necromancy | 2 | |
| Orb of Corruption | 1 | |
| Scroll of Town Portal | 3 | |
| Potion of Healing | 1 | |
7 total
Zoril (
green | 32 APM | 1163 actions | 36:14)
8 Crypt Lord
1 Carrion Beetles
3 Spiked Carapace
3 Impale
1 Locust Swarm
5 Death Knight
2 Death Coil
3 Unholy Aura
» actions
| Assign group hotkey | 33 | |
| Build / train | 89 | |
| Enter build submenu | 22 | |
| Enter hero's abilities submenu | 13 | |
| Give item / drop item | 2 | |
| Remove unit from queue | 3 | |
| Right click | 424 | |
| Select / deselect | 347 | |
| Select group hotkey | 163 | |
| Use ability | 67 | |
1163 total
» units
| Acolyte | 8 | |
| Ghoul | 5 | |
| Crypt Fiend | 8 | |
| Obsidian Statue | 3 | |
| Gargoyle | 22 | |
| Frost Wyrm | 5 | |
51 total
» upgrades
| Creature Attack | 3 | |
| Creature Carapace | 2 | |
| Web | 1 | |
| Freezing Breath | 1 | |
7 total
» buildings
| Altar of Darkness | 1 | |
| Graveyard | 1 | |
| Ziggurat | 9 | |
| Crypt | 2 | |
| Tomb of Relics | 1 | |
| Halls of the Dead | 1 | |
| Slaughterhouse | 2 | |
| Black Citadel | 1 | |
| Sacrificial Pit | 1 | |
| Boneyard | 2 | |
21 total
» build order
00:07 Altar of Darkness
00:12 Graveyard
00:16 Ziggurat
01:09 Crypt
01:22 Ziggurat
01:45 Crypt
02:08 Tomb of Relics
03:40 Ziggurat
05:53 Halls of the Dead
07:28 Ziggurat
07:32 Ziggurat
07:46 Ziggurat
07:48 Ziggurat
08:28 Slaughterhouse
08:37 Slaughterhouse
11:18 Black Citadel
13:10 Sacrificial Pit
14:37 Boneyard
14:42 Boneyard
16:58 Ziggurat
17:01 Ziggurat
» items
| Potion of Healing | 4 | |
| Scroll of Town Portal | 5 | |
| Orb of Corruption | 1 | |
| Scroll of Healing | 1 | |
11 total
xeko (
purple | 35 APM | 1265 actions | 36:36)
6 Tauren Chieftain
2 Shockwave
3 Endurance Aura
1 Reincarnation
3 Far Seer
1 Feral Spirit
2 Chain Lighting
» actions
| Build / train | 90 | |
| Enter build submenu | 45 | |
| Enter hero's abilities submenu | 9 | |
| Remove unit from queue | 8 | |
| Right click | 576 | |
| Select / deselect | 433 | |
| Use ability | 104 | |
1265 total
» units
| Peon | 23 | |
| Grunt | 15 | |
| Kodo Beast | 4 | |
| Raider | 7 | |
| Wind Rider | 6 | |
| Troll Headhunter/Berserker | 2 | |
57 total
» upgrades
| Pillage | 1 | |
| Spiked Barricades | 2 | |
| Melee Weapons | 2 | |
| Berserker Strength | 1 | |
| Envenomed Spears | 1 | |
| Troll Regeneration | 1 | |
| Berserker Upgrade | 1 | |
| Burning Oil | 1 | |
| War Drums Damage Increase | 1 | |
11 total
» buildings
| Orc Burrow | 11 | |
| Altar of Storms | 2 | |
| War Mill | 4 | |
| Barracks | 4 | |
| Voodoo Lounge | 2 | |
| Stronghold | 2 | |
| Great Hall | 4 | |
| Beastiary | 5 | |
| Watch Tower | 8 | |
| Fortress | 1 | |
43 total
» build order
00:08 Orc Burrow
00:35 Altar of Storms
00:56 Orc Burrow
01:17 War Mill
01:53 Barracks
02:52 Barracks
03:29 Voodoo Lounge
05:21 Stronghold
06:01 Great Hall
06:13 Orc Burrow
06:47 Orc Burrow
08:03 Beastiary
11:15 Beastiary
11:34 Watch Tower
12:50 Watch Tower
12:56 Watch Tower
14:14 Watch Tower
14:19 Watch Tower
14:23 Fortress
15:20 Watch Tower
15:39 Watch Tower
16:45 Orc Burrow
18:05 Beastiary
19:28 Great Hall
20:08 War Mill
20:48 Orc Burrow
20:52 Orc Burrow
26:30 Great Hall
27:18 Beastiary
27:36 Beastiary
28:11 War Mill
28:15 Altar of Storms
28:22 Stronghold
28:28 Barracks
28:34 Barracks
29:14 Great Hall
29:45 Voodoo Lounge
30:07 War Mill
31:36 Orc Burrow
31:45 Orc Burrow
33:29 Orc Burrow
33:33 Orc Burrow
35:12 Watch Tower
» items
Chat log
(00:07 / Allies) Tommotion: hi
(00:10 / Allies) Graf(RUS): hi
(00:11 / Allies) Kinsuke: hi
(00:17 / Allies) Kinsuke: hippo chim
(00:56 / Allies) Kinsuke: units ?
(01:02 / Allies) Tommotion: melee
(01:18 / Allies) trainingfort: i fe
(01:24 / Allies) Tommotion: k
(01:31 / Allies) Graf(RUS): me tanke and mjtars
(01:36 / Allies) trainingfort: dragonhawk gryphons
(03:11 / Allies) trainingfort: bm
(03:57 / All) Wraithpl: love me paparayyi
(04:02 / All) Wraithpl: paparazzi*
(04:08 / Allies) Tommotion: omg
(05:26 / Allies) trainingfort: takle
(05:33 / Allies) Kinsuke: k
(07:54 / Allies) trainingfort: lets go teal
(08:08 / Allies) trainingfort: wisps
(08:13 / Allies) trainingfort: yellow make expand
(08:17 / Allies) Tommotion: kk
(08:18 / Allies) trainingfort: teal take
(08:47 / Allies) trainingfort: Dk
(08:49 / Allies) trainingfort: dk
(08:49 / Allies) trainingfort: dk
(10:07 / Allies) trainingfort: rego
(11:22 / Allies) Tommotion: counter
(11:57 / Allies) trainingfort: make copter
(11:59 / Allies) trainingfort: b
(12:00 / Allies) trainingfort: uye;;p
(12:09 / Allies) trainingfort: fucking idiot
(12:11 / Allies) trainingfort: yellow
(12:13 / Allies) Tommotion: sry
(12:13 / Allies) trainingfort: go without tp
(12:24 / Allies) Kinsuke: -_-
(12:45 / Allies) Tommotion: forgotten tp...
(12:49 / Allies) trainingfort: i saaw
(12:50 / Allies) Tommotion: ty
(13:17 / Allies) trainingfort: tp
(14:05 / All) trainingfort: NOOBS
(14:25 / All) trainingfort: CANCER NOOB TEAM
(14:35 / Allies) Tommotion: i tp
(14:36 / All) trainingfort: TEAL NOB ORANGE NOOB YELLOW NOOB
(14:56 / Allies) trainingfort: MASS GRUNTS OMFG
(14:58 / Allies) trainingfort: IDIOT
(20:53 / Allies) trainingfort: make bats
(21:16 / Allies) Tommotion: were atack?
(21:26 / Allies) Tommotion: gogoog
(22:26 / Allies) trainingfort: tp
(22:28 / Allies) trainingfort: ?
(22:36 / Allies) Graf(RUS): no
(23:08 / Allies) Kinsuke: ty
(23:12 / Allies) Tommotion: np
(25:26 / Allies) trainingfort: wood
(26:09 / Allies) Tommotion: atack now?
(26:41 / Allies) Tommotion: whyrms
(28:20 / Allies) trainingfort: wood pls
(29:14 / Allies) Kinsuke: gold plz
(29:25 / Allies) Tommotion: nice
(29:30 / Allies) Kinsuke: ^^
(29:32 / Allies) Kinsuke: ty
(29:34 / Allies) Tommotion: now?
(31:13 / Allies) trainingfort: wood pls
(31:14 / Allies) trainingfort: more
(31:21 / Allies) trainingfort: ty
(31:24 / Allies) Kinsuke: np
(33:24 / Allies) Tommotion: ty
(35:56 / All) Wraithpl: gg
(36:00 / All) Zoril: gg
(36:03 / All) Tommotion: gg